 Dungeon Sprint DCSS version 0.29-a0-789-g7a8fcbc185 (webtiles) character file.

Game seed: 18437896232815107433

835 mhtbhm the Covert (level 7, -4/35 HPs)
             Began as a Spriggan Enchanter on July 2, 2022.
             Was an Initiate of Gozag.
             Killed from afar by an efreet (22 damage)
             ... with a bolt of fire
             ... in the Dungeon (Sprint IX: "|||||||||||||||||||||||||||||").
             The game lasted 00:01:29 (829 turns).

mhtbhm the Covert (Spriggan Enchanter)               Turns: 829, Time: 00:01:31

Health: -4/35      AC:  3    Str:  4    XL:     7   Next: 66%
Magic:  17/19      EV: 24    Int: 19    God:    Gozag
Gold:   603        SH:  0    Dex: 18    Spells: 14/22 levels left

rFire   . . .      SeeInvis +   a - +3 dagger
rCold   . . .      Faith    .   (no shield)
rNeg    . . .      Spirit   .   b - +0 robe
rPois   .          Reflect  .   (helmet restricted)
rElec   .          Harm     .   k - +0 cloak
rCorr   .          Rampage  .   (gloves unavailable)
Will    +....      NoTele   +   (boots unavailable)
Stlth   ++++++....              (no amulet)
HPRegen 0.11/turn               l - +2 ring of evasion
MPRegen 0.16/turn               m - +3 ring of intelligence

@: gold aura, very quick
A: very small, no large weapons, unfitting armour, see invisible, speed 3
a: Renounce Religion, Potion Petition, Call Merchant, Bribe Branch


You were in the Dungeon.
You worshipped Gozag.
Gozag was pleased with you.
You visited 1 branch You collected 603 gold pieces.

Inventory:

Hand Weapons
 a - a +3 dagger (weapon)
Armour
 b - a +0 robe (worn)
 k - a +0 cloak (worn)
Jewellery
 l - a +2 ring of evasion (left hand)
 m - a +3 ring of intelligence (right hand)
Wands
 j - a wand of light (10)
Scrolls
 h - 2 scrolls of amnesia
 i - 2 scrolls of blinking
Potions
 c - 3 potions of invisibility
 d - 5 potions of curing
 e - 2 potions of heal wounds
 f - a potion of haste
 g - 4 potions of magic


   Skills:
 + Level 2.0 Fighting
 + Level 7.3 Short Blades
 + Level 8.3 Dodging
 + Level 14.6 Stealth
 + Level 8.1 Spellcasting
 + Level 10.1 Hexes
 + Level 2.4 Ice Magic


You had 14 spell levels left.
You knew the following spells:

 Your Spells              Type           Power      Damage    Failure   Level
a - Ensorcelled Hibernat  Hex/Ice        62%        N/A       1%          2
b - Confusing Touch       Hex            46%        N/A       1%          3
c - Tukima's Dance        Hex            46%        N/A       1%          3

Your spell library contained the following spells:

 Spells                   Type           Power      Damage    Failure   Level
 Dazzling Flash           Conj/Hex       52%        N/A       3%          3


Dungeon Overview and Level Annotations

Branches:
Dungeon (1/1)

Altars:
Cheibriados
Dithmenos
Elyvilon
Fedhas
Gozag
Hepliaklqana
Kikubaaqudgha
Makhleb
Nemelex Xobeh
Okawaru
Qazlal
Ru
Sif Muna
Trog
Uskayaw
Vehumet
Wu Jian
Xom
Yredelemnul
Zin
The Shining One
Jiyva
Lugonu


Innate Abilities, Weirdness & Mutations

You are very small and have problems with some larger weapons.
You are too small for most types of armour.
You have supernaturally acute eyesight. (SInv)
You cover ground extremely quickly. (Speed+++)


Message History

Things that are here:
a +3 dagger; a +0 robe; a +0 shortbow
Things that are here:
a +3 dagger; a +0 robe; a +0 shortbow You are now empty-handed.
You drop a +1 dagger.
a - a +3 dagger
a - a +3 dagger (weapon)
You open the door.
A two-headed ogre, a centaur warrior, a howler monkey, a six-headed hydra, an efreet and a troll come into view.
The efreet is wielding a +1 scimitar of flaming.
There is an open door here.
Unknown command.
The helpless troll fails to defend itself.
You perforate the troll like a sieve!!!!
You kill the troll!
Your Fighting skill increases to level 2!
Your Short Blades skill increases to level 7!
Your Stealth skill increases to level 14!
Your Spellcasting skill increases to level 8!
Your Hexes skill increases to level 10!
Your Ice Magic skill increases to level 2!
Unknown command.
The efreet hits you with a +1 scimitar of flaming!
The efreet burns you.
The six-headed hydra roars!
You see here 162 gold pieces.
Unknown command.
The howler monkey howls!
The centaur warrior shouts!
There is an open door here.
Casting: Ensorcelled Hibernation (safe; 1% risk of failure)
Confirm with . or Enter, or press ? or * to list all spells.
Aiming: Ensorcelled Hibernation (safe; 1% risk of failure)
Press: ? - help, Shift-Dir - straight line, f - efreet
Aim: an efreet, wielding a +1 scimitar of flaming (chance to affect: 61%)
The efreet looks drowsy...
The efreet gestures at you. The bolt of fire hits you!!
Ouch! That really hurt!
You die...
Your body crumbles into a pile of gold.

▓+▓
▓O▓
▓h▓
▓c▓
▓D▓
▓R▓
▓$▓
▓@▓
▓.▓
$
▓.▓
$
▓.▓
$ $
▓.▓
$
▓.▓
$
▓)▓
▓'▓
$ $
▓.▓
$


You could see a six-headed hydra, a centaur warrior, a two-headed ogre, an
efreet and a howler monkey.

Vanquished Creatures
  2 trolls (D)
  A yak (D)
  A centaur (D)
  A gnoll sergeant (D)
  A wight (D)
  An iguana (D)
  An orc wizard (D)
  2 adders (D)
  A shadow imp (D)
  A giant cockroach (D)
  A hobgoblin (D)
  2 jackals (D)
  A bat (D)
  A rat (D)
17 creatures vanquished.

Notes
Turn   | Place    | Note
-------+----------+-------------------------------------------
     0 | D        | mhtbhm the Spriggan Enchanter began the quest for the Orb.
     0 | D        | Reached XP level 1. HP: 9/9 MP: 5/5
    21 | D        | Reached skill level 5 in Stealth
   272 | D        | Noticed an iguana
   274 | D        | Killed an iguana
   275 | D        | Reached skill level 6 in Stealth
   275 | D        | Reached skill level 5 in Hexes
   275 | D        | Reached XP level 2. HP: 13/13 MP: 6/8
   275 | D        | Reached XP level 3. HP: 16/16 MP: 6/9
   294 | D        | Reached skill level 5 in Dodging
   296 | D        | Reached skill level 7 in Stealth
   333 | D        | Learned a level 2 spell: Ensorcelled Hibernation
   337 | D        | Learned a level 3 spell: Confusing Touch
   341 | D        | Learned a level 3 spell: Tukima's Dance
   342 | D        | Found a snail-covered altar of Cheibriados.
   342 | D        | Found a shadowy altar of Dithmenos.
   342 | D        | Found a white marble altar of Elyvilon.
   342 | D        | Found a blossoming altar of Fedhas.
   342 | D        | Found an opulent altar of Gozag.
   343 | D        | Found a hazy altar of Hepliaklqana.
   344 | D        | Found a viscous altar of Jiyva.
   345 | D        | Found an ancient bone altar of Kikubaaqudgha.
   346 | D        | Found a corrupted altar of Lugonu.
   347 | D        | Found a burning altar of Makhleb.
   348 | D        | Found a sparkling altar of Nemelex Xobeh.
   349 | D        | Found an iron altar of Okawaru.
   350 | D        | Became a worshipper of Gozag Ym Sagoz the Greedy
   351 | D        | Found a stormy altar of Qazlal.
   352 | D        | Found a sacrificial altar of Ru.
   353 | D        | Found a shimmering blue altar of Sif Muna.
   354 | D        | Found a bloodstained altar of Trog.
   355 | D        | Found a hide-covered altar of Uskayaw.
   356 | D        | Found a radiant altar of Vehumet.
   357 | D        | Found an ornate altar of the Wu Jian Council.
   358 | D        | Found a shimmering altar of Xom.
   359 | D        | Found a basalt altar of Yredelemnul.
   360 | D        | Found a glowing silver altar of Zin.
   361 | D        | Found a glowing golden altar of the Shining One.
   396 | D        | Noticed a gnoll sergeant
   396 | D        | Noticed a yak
   396 | D        | Noticed a troll
   396 | D        | Noticed a wight
   396 | D        | Noticed a centaur
   399 | D        | Killed a centaur
   400 | D        | Reached skill level 9 in Stealth
   400 | D        | Reached skill level 5 in Spellcasting
   400 | D        | Reached XP level 4. HP: 21/21 MP: 8/12
   400 | D        | Reached XP level 5. HP: 25/25 MP: 8/13
   405 | D        | Reached skill level 10 in Stealth
   545 | D        | Killed a troll
   546 | D        | Reached skill level 1 in Fighting
   546 | D        | Reached skill level 5 in Short Blades
   546 | D        | Reached skill level 12 in Stealth
   546 | D        | Reached skill level 1 in Ice Magic
   546 | D        | Reached XP level 6. HP: 30/30 MP: 12/16
   587 | D        | Killed a yak
   588 | D        | Reached skill level 13 in Stealth
   588 | D        | Reached XP level 7. HP: 33/33 MP: 14/18
   824 | D        | Noticed a two-headed ogre
   824 | D        | Noticed a centaur warrior
   824 | D        | Noticed a six-headed hydra
   824 | D        | Noticed an efreet
   824 | D        | Noticed a troll
   826 | D        | Killed a troll
   827 | D        | Reached skill level 14 in Stealth
   827 | D        | Reached skill level 10 in Hexes
   829 | D        | Killed from afar by an efreet

Illustrated notes

Levels and vault maps discovered:
D:        linesprint [early_d, line_temple, items_1, d_10, items_2, lair_1,
          lair_end, items_3, orc_1, orc_end, items_4, d_15, swamp_1, shoals_1,
          snake_1, spider_1, d_20, vaults_1, items_5, swamp_end, shoals_end,
          snake_end, spider_end, vaults_end, d_27, items_6, zot_1, zot_end,
          crypt_end, forest_end, elf_end, slime_end, tomb_end, abyss_end,
          pan_hell_end]

Skill      XL: |  1  2  3  4  5  6  7 |
---------------+----------------------+-----
Hexes          | 5 7 9 10 | 10.1
Dodging        | 4 6 7 8 |  8.3
Stealth        | 6 9 12 13 14 | 14.6
Spellcasting   | 4 5 6 7 8 |  8.1
Short Blades   | 3 5 6 7 |  7.3
Fighting       | 1 2 |  2.0
Ice Magic      | 1 2 |  2.4

Action                   |  1- 3 |  4- 6 |  7- 9 || total
-------------------------+-------+-------+-------++-------
Melee: Dagger            |    46 |     7 |    20 ||    73
 Cast: Ensorcelled Hiber |     1 |     5 |     5 ||    11
       Confusing Touch   |       |     1 |     1 ||     2
  Use: Potion            |     2 |       |       ||     2
 Stab: Sleeping          |     3 |     2 |     2 ||     7
       Confused          |       |     1 |     1 ||     2
Armor: Robe              |     3 |       |     1 ||     4
Dodge: Dodged            |    31 |     5 |     8 ||    44

Table legend: (Time is in decaauts)
 A = Elapsed time spent in this place.
 B = Non-inter-level travel time spent in this place.
 C = Inter-level travel time spent in this place.
 D = Time resting spent in this place.
 E = Time spent auto-exploring this place.
 F = Levels seen in this place.
 G = Mean time per level.
                   A        B        C        D        E       F      G
               +--------+--------+--------+--------+--------+-----+--------+
         Total |    745 |    745 |      0 |    317 |    217 |   1 |  745.0 |
       Dungeon |    745 |    745 |      0 |    317 |    217 |   1 |  745.0 |
               +--------+--------+--------+--------+--------+-----+--------+

Top non-repeatable levels by time:
       D: 745 daAuts
